 Dungeon Crawl Stone Soup version 0.28-a0-881-gae16bb6c82 (webtiles) character file.

Game seed: 15756300261414723793

56 BinkBink the Shooter (level 3, 0/45 HPs)
             Began as a Minotaur Arcane Marksman on Nov 21, 2021.
             Slain by Natasha (4 damage)
             ... on level 2 of the Dungeon.
             The game lasted 00:03:34 (1000 turns).

BinkBink the Shooter (Minotaur Arcane Marksman)     Turns: 1000, Time: 00:03:34

Health: 0/45       AC:  6    Str: 14    XL:     3   Next: 71%
Magic:  3/3        EV: 12    Int: 10    God:
Gold:   31         SH:  0    Dex: 11    Spells: 3/4 levels left

rFire   . . .      SeeInvis .   a - +0 shortbow
rCold   . . .      Faith    .   (shield currently unavailable)
rNeg    . . .      Spirit   .   d - +0 robe
rPois   .          Reflect  .   i - +1 hat
rElec   .          Harm     .   (no cloak)
rCorr   .          Rampage  .   m - +2 pair of gloves
Will    .....                   (no boots)
Stlth   ..........              (no amulet)
HPRegen 0.15/turn               (no ring)
MPRegen 0.08/turn               (no ring)

@: berserking, slowed
A: horns 2, retaliatory headbutt
a: no special abilities


You were on level 2 of the Dungeon.
You visited 1 branch of the dungeon, and saw 2 of its levels.

You collected 31 gold pieces.

Inventory:

Hand Weapons
 a - a +0 shortbow (weapon)
Missiles
 c - 36 arrows (quivered ammo)
Armour
 d - a +0 robe (worn)
 i - a +1 hat (worn)
 m - a +2 pair of gloves (worn)
Magical Staves
 g - a staff of death
Wands
 o - a wand of digging (6)
Scrolls
 h - a scroll of vulnerability {unknown}
 k - a scroll of fog {unknown}
Potions
 b - a potion of ambrosia {unknown}
 e - a potion of flight {unknown}
 l - a potion of heal wounds {unknown}
 n - a potion of curing {unknown}


   Skills:
 + Level 2.3 Fighting
 + Level 3.2 Bows
 * Level 0.3 Armour
 + Level 2.3 Dodging
 + Level 1.0 Spellcasting
 + Level 2.3 Hexes


You had 3 spell levels left.
You knew the following spells:

 Your Spells              Type           Power      Damage    Failure   Level
a - Slow                  Hex            20%        N/A       13%         1

Your spell library contained the following spells:

 Spells                   Type           Power      Damage    Failure   Level
 Inner Flame              Hex/Fire       2%         N/A       54%         3
 Portal Projectile        Hex/Tloc       4%         N/A       54%         3
 Cause Fear               Hex            2%         N/A       78%         4


Dungeon Overview and Level Annotations

Branches:
Dungeon (2/15)

Altars:

Annotations:
D:2 Natasha


Innate Abilities, Weirdness & Mutations

You have a pair of horns on your head.
You reflexively headbutt those who attack you in melee.


Message History

Your bat barely misses Natasha.
Your bat hits Natasha but does no damage.
Natasha closely misses you.
Your bat hits Natasha.
Your bat hits Natasha but does no damage.
Your bat hits Natasha but does no damage.
Natasha casts a spell at you.
You feel as though you will be slow longer.
Your kobold throws a stone.
The stone barely misses Natasha.
Your bat misses Natasha. Natasha claws you but does no damage.
Your bat hits Natasha but does no damage.
Natasha closely misses you.
Your kobold completely misses Natasha.
Your bat barely misses Natasha.
Your bat closely misses Natasha.
Natasha barely misses your bat.
Your bat hits Natasha but does no damage.
Your bat closely misses Natasha.
Your bat hits Natasha but does no damage.
Natasha extends her claws.
Natasha casts a spell at you. The magic dart hits you.
* * * LOW HITPOINT WARNING * * *
Fire: 37 arrows
Press: ? - help, Q - select action, (/) - cycle Shift-Dir - straight line, f/p - Natasha
Aim: Natasha (moderately wounded, ally target, 50% to hit)
You shoot an arrow.
The arrow hits Natasha but does no damage.
Natasha is moderately wounded.
Your bat hits Natasha but does no damage.
Natasha closely misses you. Natasha claws you but does no damage.
Your kobold barely misses Natasha.
Your bat misses Natasha. Natasha claws you but does no damage.
Your bat hits Natasha but does no damage.
Your bat hits Natasha. Natasha claws you!
* * * LOW HITPOINT WARNING * * *
It was a potion of berserk rage.
A red film seems to cover your vision as you go berserk!
You feel yourself moving faster!
You feel mighty!
Your kobold barely misses Natasha.
Natasha claws you.
You die...

..#..# #...#.# ..#(.#
#?..#.## .....###
#(..#..# .......#
#...#..# ##. .#...#.#
#...#..# ....
.....#.####...#..##..##
..#..........b.K......#
..#.....###..(##h##.....
..##....###...##@##...##.
................b.......
..............##.##...##
..............##.##...#
<.##.............##...#
..##...####.#.........#
..##.#......).........#
..##..................#
............#.##..#...##


You could see Natasha (ally target), a friendly bat (summoned) and a friendly
kobold (summoned).

Vanquished Creatures
  2 adders (D:2)
  4 dart slugs
  4 bats
  3 endoplasms
  A giant cockroach (D:1)
  4 goblins
  A hobgoblin (D:2)
  4 kobolds (D:1)
  A ball python (D:1)
  3 frilled lizards (D:2)
  4 rats
31 creatures vanquished.

Notes
Turn   | Place    | Note
-------+----------+-------------------------------------------
     0 | D:1      | BinkBink the Minotaur Arcane Marksman began the quest for
                  | the Orb.
     0 | D:1      | Reached XP level 1. HP: 16/16 MP: 1/1
   230 | D:1      | Reached XP level 2. HP: 23/23 MP: 2/2
   521 | D:1      | Found a faded altar of an unknown god.
   573 | D:1      | Reached XP level 3. HP: 29/29 MP: 3/3
   919 | D:2      | Reached skill level 3 in Bows
   974 | D:2      | Noticed Natasha
  1000 | D:2      | Slain by Natasha

Illustrated notes

Levels and vault maps discovered:
D:1:      heliophobic_arrival_glass_houses, layout_rooms,
          shapermc_ecumenical_altar_venn
D:2:      cheibrodos_pilgrimage, layout_basic, uniq_natasha

Skill      XL: |  1  2  3 |
---------------+----------+-----
Fighting       | 2 |  2.3
Bows           | 3 |  3.2
Armour         | |  0.3
Dodging        | |  2.3
Spellcasting   | |  1.0
Hexes          | |  2.3

Action                   || total
-------------------------++-------
 Fire: Shortbow          ||    86
  Use: Scroll            ||     1
       Potion            ||     1
Armor: Robe              ||    11
Dodge: Dodged            ||    21

Table legend: (Time is in decaauts)
 A = Elapsed time spent in this place.
 B = Non-inter-level travel time spent in this place.
 C = Inter-level travel time spent in this place.
 D = Time resting spent in this place.
 E = Time spent auto-exploring this place.
 F = Levels seen in this place.
 G = Mean time per level.
                   A        B        C        D        E       F      G
               +--------+--------+--------+--------+--------+-----+--------+
         Total |   1025 |   1013 |     12 |      0 |    779 |   2 |  512.5 |
       Dungeon |   1025 |   1013 |     12 |      0 |    779 |   2 |  512.5 |
               +--------+--------+--------+--------+--------+-----+--------+

Top non-repeatable levels by time:
     D:1: 703 daAuts
     D:2: 322 daAuts
